 Dungeon Crawl Stone Soup version 0.18-a0-1748-g7377c14 (webtiles) character file.

5640 Geeful the Frost Mage (level 10, -3/61 HPs)
             Began as an Octopode Ice Elementalist on Apr 12, 2016.
             Was a Priest of Elyvilon.
             Slain by a vampire (8 damage)
             ... on level 10 of the Dungeon.
             The game lasted 01:29:59 (16362 turns).

Geeful the Frost Mage (Octopode Ice Elementalist)  Turns: 16362, Time: 01:30:00

Health: -3/61      AC:  6    Str:  7    XL:     10   Next: 74%
Magic:  28/28      EV: 15    Int: 22    God:    Elyvilon [***...]
Gold:   59         SH:  5    Dex: 12    Spells: 4 memorised, 10 levels left

rFire  . . .     SeeInvis .     a - +1 trident (protect)
rCold  . . .     Gourm    .     y - +0 buckler
rNeg   . . .     Faith    +     (helmet restricted)
rPois  +         Spirit   .     K - amulet of faith
rElec  .         Dismiss  .     B - ring of magical power
rCorr  .         Reflect  .     (no ring)
SustAt .         Harm     .     (no ring)
MR     .....                    (no ring)
Stlth  +++.......               (no ring)
                                (no ring)
                                (no ring)
                                (no ring)

@: hasted, very quick, not resistant to hostile enchantments, fairly stealthy
A: almost no armour, amphibious, 8 rings, constrict 8, camouflage 1, blurry
vision 1, poison resistance, robust 1, screaming 1, gelatinous body 1
a: Lesser Healing, Heal Other, Purification, Divine Protection, Renounce
Religion


You were on level 10 of the Dungeon.
You worshipped Elyvilon.
Elyvilon was most pleased with you.
You were not hungry.

You visited 2 branches of the dungeon, and saw 11 of its levels.
You also visited: Sewer.

You collected 462 gold pieces.
You spent 403 gold pieces at shops.

Inventory:

Hand Weapons
 a - a +1 trident of protection (weapon)
 b - a +0 blowgun
 h - a +0 spear
 F - a +1 dagger of protection
 H - a +1 dagger of flaming
Missiles
 p - 23 poisoned needles
 r - 6 curare-tipped needles
 u - 11 javelins
 C - 6 silver tomahawks
 D - 2 throwing nets (quivered)
Armour
 y - a +0 buckler (worn)
Jewellery
 B - a ring of magical power (left tentacle)
 K - an amulet of faith (around mantle)
Wands
 e - a wand of digging (3/24)
 x - a wand of flame (21/48)
 A - a wand of digging (14/24)
 J - a wand of flame (12/48)
Scrolls
 c - a scroll of fear {unknown}
 i - 8 scrolls of remove curse
 s - a scroll of immolation {unknown}
 E - 6 scrolls of teleportation
 M - a scroll of magic mapping
 N - 2 scrolls of enchant weapon
 O - 2 scrolls of enchant armour
Potions
 f - 2 potions of cure mutation
 g - a potion of agility
 j - a potion of magic
 m - a potion of lignification
 o - a potion of might
 q - 2 potions of resistance
 t - a potion of brilliance
 w - a potion of cancellation {unknown}
 z - a potion of degeneration {unknown}
Books
 d - a book of Frost

   Spells                             Type                      Level
   a - Freeze                         Ice                          1
   b - Throw Frost                    Conjuration/Ice              2
   c - Ozocubu's Armour               Charms/Ice                   3
   d - Throw Icicle                   Conjuration/Ice              4
   e - Summon Ice Beast               Ice/Summoning                4
 G - a Grand Grimoire

   Spells                             Type                      Level
   a - Monstrous Menagerie            Summoning                    7
   b - Summon Greater Demon           Summoning                    7
   c - Malign Gateway                 Summoning/Translocation      7
   d - Summon Horrible Things         Summoning                    8
Comestibles
 l - 3 meat rations
 n - 8 bread rations
 L - 2 chunks of flesh


   Skills:
 + Level 7.2 Dodging
 - Level 2.6 Stealth
 - Level 4.8 Shields
 + Level 6.6 Spellcasting
 - Level 1.0 Conjurations
 + Level 10.3 Ice Magic
 + Level 5.7 Invocations


You had 10 spell levels left.
You knew the following spells:

 Your Spells              Type           Power        Failure   Level  Hunger
a - Freeze                Ice            ####         1%          1    None
b - Ozocubu's Armour      Chrm/Ice       ####....     3%          3    #......
c - Throw Icicle          Conj/Ice       ####....     12%         4    ###....
d - Summon Ice Beast      Ice/Summ       ####....     12%         4    ###....


Dungeon Overview and Level Annotations

Branches:
Dungeon (10/15)            Temple (1/1) D:5             Orc (0/2) D:10
   Lair: D:8-11

Altars:
Ashenzari
Cheibriados
Dithmenos
Elyvilon
Fedhas
Gozag
Kikubaaqudgha
Makhleb
Nemelex Xobeh
Okawaru
Pakellas
Qazlal
Ru
Sif Muna
Trog
Xom
Yredelemnul
Zin
The Shining One

Shops:
D:6 *   D:7 ?   D:8 =?=


Innate Abilities, Weirdness & Mutations

You cannot wear most types of armour.
You are amphibious.
You can wear up to eight rings at the same time.
You can use your tentacles to constrict eight enemies at once.
Your skin changes colour to match your surroundings (Stealth).
Your rubbery body absorbs attacks (AC +1).
Scrolls take you a little longer to read.
Your system is resistant to poisons.
You are robust (+10% HP).
You occasionally shout uncontrollably at your foes.


Message History

Something bites you!
Your ice beast closely misses the phantom.
The phantom barely misses your ice beast.
Something hits you!
* * * LOW HITPOINT WARNING * * *
Something barely misses you.
Your ice beast misses the phantom.
The phantom barely misses your ice beast.
Something hits you!
* * * LOW HITPOINT WARNING * * *
Something bites you but does no damage.
Your ice beast hits the phantom.
Your ice beast freezes the phantom.
The phantom resists.
Drink which item? (? for menu, Esc to quit)
You feel better. The phantom hits your ice beast. Something hits you!
* * * LOW HITPOINT WARNING * * *
Something bites you but does no damage.
Your ice beast hits the phantom.
Your ice beast freezes the phantom.
The phantom resists.
Drink which item? (? for menu, Esc to quit)
You feel yourself speed up. The phantom hits your ice beast.
The phantom blinks!
You block something's attack. Something bites you!
You die...

....#######....#.##.#
#... .
..........##.#.#..#.#
##.#
#########'##.#.##.#.#
...........#.##...####.#
#####....###...........#
# #....# #####..######.#
###.#########>.......###
......§.................
##.....≈Y@###############
...?..≈{.# #........#
....W...# ........#
..#.##### . .. ##


You could see a phantom and a friendly ice beast.

Vanquished Creatures
  A hill giant (D:10)
  A wyvern (D:7)
  A yak (D:9)
  2 water moccasins (D:8)
  3 orc warriors
  A black bear (D:6)
  4 sky beasts
  3 ice beasts
  4 ogres
  A centaur (D:8)
  A big kobold (Sewer)
  7 giant frogs
  3 jellies
  10 killer bees (D:8)
  A scorpion (D:8)
  A water moccasin skeleton (D:8)
  5 wights (D:6)
  A wasp zombie (D:8)
  A centaur zombie (D:8)
  6 crimson imps
  A quasit (D:6)
  2 orc priests (D:7)
  3 hounds
  2 iguanas
  4 orc wizards
  2 centaur skeletons
  3 worker ants
  Robin (D:4)
  8 gnolls
  A howler monkey skeleton (D:7)
  10 adders
  2 shadow imps
  4 oozes
  An adder zombie (D:5)
  5 worms
  7 giant geckos
  31 orcs
  4 ball pythons
  12 bats
  8 giant cockroaches
  17 goblins
  13 hobgoblins
  13 jackals
  4 quokkas
  2 giant gecko skeletons
  A giant gecko zombie (D:5)
  8 giant newts
  19 kobolds
  13 rats
258 creatures vanquished.

Vanquished Creatures (collateral kills)
  Pikel (D:8)
  A troll (D:9)
  A wyvern (D:8)
  A hippogriff (D:8)
  A black bear (D:8)
  An ice beast (D:9)
  A necrophage (D:9)
  An ogre (D:8)
  A jelly (D:8)
  A killer bee (D:8)
  A wyvern simulacrum (D:9)
  2 orc priests (D:9)
  A quasit (D:10)
  3 orc wizards
  An adder (D:8)
  A white imp (D:9)
  A worker ant simulacrum (D:9)
  A giant gecko (D:10)
  3 orcs (D:9)
24 creatures vanquished.

Vanquished Creatures (others)
  2 slaves (D:8)
  An orc (D:9)
3 creatures vanquished.

Grand Total: 285 creatures vanquished

Notes
Turn   | Place    | Note
--------------------------------------------------------------
     0 | D:1      | Geeful the Octopode Ice Elementalist began the quest for the Orb.
     0 | D:1      | Reached XP level 1. HP: 11/11 MP: 3/3
   542 | D:1      | Reached XP level 2. HP: 11/17 MP: 5/5
  1088 | D:1      | Reached XP level 3. HP: 11/21 MP: 6/6
  2503 | D:2      | Reached skill level 4 in Ice Magic
  2503 | D:2      | Reached XP level 4. HP: 11/27 MP: 3/7
  2909 | D:3      | Learned a level 3 spell: Ozocubu's Armour
  3032 | D:3      | Found a glowing drain.
  3046 | Sewer    | Entered a sewer
  3673 | Sewer    | Noticed a big kobold
  4013 | Sewer    | Killed a big kobold
  4013 | Sewer    | Reached XP level 5. HP: 21/31 MP: 0/9
  4801 | D:3      | Reached XP level 6. HP: 36/36 MP: 10/10
  4807 | D:3      | Learned a level 4 spell: Throw Icicle
  4837 | D:3      | Reached skill level 5 in Ice Magic
  6027 | D:3      | Noticed a sky beast
  6091 | D:3      | HP: 1/36 [sky beast (5)]
  6121 | D:3      | Killed a sky beast
  6753 | D:4      | Reached XP level 7. HP: 41/41 MP: 12/12
  6878 | D:4      | Learned a level 4 spell: Summon Ice Beast
  6948 | D:4      | Noticed Robin
  6966 | D:4      | Reached skill level 6 in Ice Magic
  6981 | D:4      | Killed Robin
  7049 | D:4      | Found a blossoming altar of Fedhas.
  7050 | D:4      | Found a shimmering altar of Xom.
  7399 | D:5      | Entered Level 5 of the Dungeon
  8643 | D:5      | Found a staircase to the Ecumenical Temple.
  8652 | Temple   | Entered the Ecumenical Temple
  8723 | Temple   | Became a worshipper of Elyvilon the Healer
  9194 | D:6      | Found Tuejutha's General Store.
  9198 | D:6      | Bought a scroll of teleportation for 36 gold pieces
  9252 | D:6      | Reached skill level 7 in Ice Magic
  9286 | D:6      | Reached skill level 1 in Invocations
  9286 | D:6      | Reached XP level 8. HP: 23/46 MP: 12/14
  9559 | D:6      | Gained mutation: You occasionally shout uncontrollably at your foes. [mutagenic meat]
  9560 | D:6      | Gained mutation: You possess an exceptional clarity of mind. [mutagenic meat]
  9562 | D:6      | Gained mutation: You are robust (+10% HP). [mutagenic meat]
 10076 | D:6      | Reached skill level 5 in Dodging
 10616 | D:6      | Reached skill level 8 in Ice Magic
 10836 | D:6      | Reached skill level 5 in Spellcasting
 11055 | D:6      | Reached XP level 9. HP: 38/56 MP: 15/16
 11520 | D:7      | Found Qaokenav's Magic Scroll Shoppe.
 11544 | D:7      | Bought a scroll of magic mapping for 35 gold pieces
 11544 | D:7      | Bought a scroll of enchant weapon for 75 gold pieces
 11544 | D:7      | Bought a scroll of identify for 20 gold pieces
 11544 | D:7      | Bought a scroll of identify for 20 gold pieces
 11544 | D:7      | Bought a scroll of enchant armour for 75 gold pieces
 11548 | D:7      | Bought 3 scrolls of teleportation for 90 gold pieces
 11557 | D:7      | Lost mutation: You possess an exceptional clarity of mind. [potion of mutation]
 11557 | D:7      | Gained mutation: Your system is resistant to poisons. [potion of mutation]
 11557 | D:7      | Gained mutation: Scrolls take you a little longer to read. [potion of mutation]
 11570 | D:7      | Reached * piety under Elyvilon
 12505 | D:7      | Reached skill level 9 in Ice Magic
 13139 | D:8      | Found Liczueju's Magic Scroll Shop.
 13428 | D:8      | Bought a scroll of identify for 26 gold pieces
 13428 | D:8      | Bought a scroll of identify for 26 gold pieces
 13490 | D:8      | HP: 4/84 [killer bee (5)]
 13741 | D:8      | Found Lacryaro's Jewellery Boutique.
 14078 | D:8      | Reached XP level 10. HP: 19/61 MP: 19/19
 14226 | D:8      | Reached skill level 10 in Ice Magic
 14251 | D:8      | Reached skill level 5 in Invocations
 14471 | D:8      | Reached skill level 1 in Shields
 14695 | D:8      | Found Atiur's Jewellery Shop.
 14772 | D:8      | Reached ** piety under Elyvilon
 14907 | D:8      | Noticed Pikel
 14907 | D:8      | HP: 3/61 [wyvern (7)]
 14927 | D:8      | Killed Pikel
 15899 | D:10     | Entered Level 10 of the Dungeon
 16064 | D:10     | Found a staircase to the Orcish Mines.
 16282 | D:10     | Noticed a hill giant
 16294 | D:10     | Killed a hill giant
 16315 | D:10     | Reached *** piety under Elyvilon
 16360 | D:10     | HP: 3/61 [something (12)]
 16362 | D:10     | Slain by a vampire

Vault maps used:
D:1:      mrwooster_arrival_statue, columned_hall_lemuel
D:2:      first_bread
D:3:      portal_sewer_entry_f
D:4:      gammafunk_temple_overflow_pools, serial_corexii_hall,
          corexii_hall_statues_deadend, corexii_hall_statues_t,
          corexii_hall_statues_i, minmay_misc_feat_cross, uniq_robin
D:5:      temple_hall, hangedman_decor_growths
D:6:      serial_shops, nicolae_shop_behind_doors
D:7:      serial_shops, nicolae_shop_crystal
D:8:      serial_shops, nicolae_shop_crystal, shop,
          nicolae_shop_competitors_out_of_business, uniq_pikel
D:9:      serial_ice, serial_ice_b, serial_ice_g, serial_ice_c, serial_ice_e,
          serial_ice_m, serial_ice_i, serial_ice_o, serial_ice_d, serial_ice_n,
          serial_ice_a, trog_book
D:10:     orc_0_dummy
Temple:   grunt_circular_temple_18
Sewer:    kennysheep_pipe_town

Skill      XL: |  1  2  3  4  5  6  7  8  9 10 |
---------------+-------------------------------+-----
Ice Magic      | 4 5 7 8 9 10 | 10.3
Dodging        | 3 4 5 6 7 |  7.2
Spellcasting   | 3 4 5 6 |  6.6
Invocations    | 1 2 4 5 |  5.7
Shields        | 4 |  4.8
Stealth        | |  2.6
Conjurations   | |  1.0

Action                   |  1- 3 |  4- 6 |  7- 9 | 10-12 || total
-------------------------+-------+-------+-------+-------++-------
Melee: Unarmed           |     7 |       |       |       ||     7
       Constrict         |    20 |    39 |    66 |    27 ||   152
       Dagger            |    11 |   132 |   124 |       ||   267
       Tentacles         |    10 |    27 |    60 |    21 ||   118
       Spear             |    69 |    48 |       |       ||   117
       Trident           |       |       |   291 |   196 ||   487
 Fire: Blowgun           |       |    69 |   106 |    22 ||   197
Throw: Throwing net      |       |     1 |       |       ||     1
 Cast: Freeze            |    15 |    15 |     2 |       ||    32
       Ozocubu's Armour  |       |     8 |    18 |    11 ||    37
       Throw Icicle      |       |       |    29 |     4 ||    33
       Summon Ice Beast  |       |       |       |    29 ||    29
Invok: Lesser Healing    |       |       |    15 |     4 ||    19
       Divine Protection |       |       |     1 |       ||     1
Evoke: Club              |       |     3 |     7 |    10 ||    20
  Use: Scroll            |     2 |    11 |    12 |     1 ||    26
       Potion            |       |     5 |    16 |     3 ||    24
 Stab: Sleeping          |     8 |    13 |     8 |     4 ||    33
       Distracted        |       |     2 |     2 |     1 ||     5
  Eat: Chunk             |     5 |    11 |    22 |     6 ||    44
       Royal jelly       |       |     1 |     1 |       ||     2
       Pizza             |       |     1 |       |     1 ||     2
       Fruit             |       |       |     4 |       ||     4
       Meat ration       |       |       |     2 |     1 ||     3
Armor: Skin              |    13 |    63 |   199 |    55 ||   330
Dodge: Dodged            |    50 |   120 |   387 |   135 ||   692
Block: Buckler           |       |       |       |    16 ||    16
